 Dungeon Crawl Stone Soup version 0.31.0-32-g396128a36d (webtiles) character file.

Game seed: 6056996761613199335

90 PaiMei the Grave Robber (level 4, -1/32 HPs)
             Began as a Demonspawn Necromancer on Apr 10, 2024.
             Slain by an orc
             ... wielding a +0 club
              (5 damage)
             ... on level 3 of the Dungeon.
             The game lasted 00:02:50 (1442 turns).

PaiMei the Grave Robber (Demonspawn Necromancer)    Turns: 1442, Time: 00:02:50

Health: -1/32      AC:  2    Str:  9    XL:     4   Next: 32%
Magic:  5/8        EV: 12    Int: 17    God:
Gold:   88         SH:  0    Dex: 13    Spells: 4/8 levels left

rFire   . . .        o - +4 whip (elec)
rCold   . . .        (no shield)
rNeg    . . .        a - +0 robe
rPois   .            (no helmet)
rElec   .            (no cloak)
rCorr   .            (no gloves)
SInv    .            (no boots)
Will    .....        (no amulet)
Stlth   ++           (no ring)
HPRegen 0.25/turn    (no ring)
MPRegen 0.11/turn

%: no passive effects
@: no status effects
A: foul stench 1, powered by pain 1, demonic touch 1
a: no special abilities


You were on level 3 of the Dungeon.
You visited 1 branch of the dungeon, and saw 4 of its levels.

You collected 88 gold pieces.

Inventory:

Hand Weapons
 o - a +4 whip of electrocution (weapon)
 r - a +1 dagger of venom
Armour
 a - a +0 robe (worn)
Scrolls
 c - a scroll of revelation {unknown}
 e - a scroll of fog {unknown}
 f - a scroll of torment {unknown}
 g - a scroll of teleportation {unknown}
 j - a scroll of enchant weapon {unknown}
 l - a scroll of amnesia {unknown}
 m - a scroll of identify {unknown}
 q - a scroll of silence {unknown}
Potions
 b - a potion of magic
 d - 2 potions of mutation {unknown}
 i - a potion of brilliance {unknown}
 k - 2 potions of curing {unknown}
 n - 2 potions of haste {unknown}
 p - 2 potions of enlightenment {unknown}


   Skills:
 + Level 1.4 Fighting
 + Level 2.5 Dodging
 - Level 2.0 Stealth
 + Level 2.8 Spellcasting
 + Level 4.9 Necromancy


You had 4 spell levels left.
You knew the following spells:

 Your Spells              Type           Power      Damage    Failure   Level
a - Necrotise             Necr           76%        1d7       2%          1
b - Vampiric Draining     Necr           19%        2d7       7%          3

Your spell library contained the following spells:

 Spells                   Type           Power      Damage    Failure   Level
 Animate Dead             Necr           19%        N/A       22%         4
 Curse of Agony           Necr           19%        N/A       54%         5


Dungeon Overview and Level Annotations

Branches:
Dungeon (4/15)
 Temple: D:4-7

Altars:


Innate Abilities, Weirdness & Mutations

You may rarely emit foul miasma when damaged in melee.
You sometimes gain a little power by taking damage.
Your touch may inflict minor irresistible damage on your foes.


Message History

An orc and an orc priest come into view.
The orc shouts!
You hear a shout!
The orc priest shouts!
An orc comes into view. It is wielding a +0 short sword.
The orc priest calls down the wrath of Beogh upon you.
Beogh smites you!
You hear a shout!
Casting: Vampiric Draining (quite dangerous; 7% risk of failure)
Confirm with . or Enter, or press ? or * to list all spells.
Aiming: Necrotise (safe; 2% risk of failure)
Press: ? - help, Shift-Dir - straight line, f - ribbon worm
Aim: a ribbon worm (chance to affect: 84%)
The ribbon worm writhes in agony.
The orc shouts!
An orc comes into view. It is wielding a +0 short sword.
The ribbon worm expels a string of sticky webbing.
The stream of webbing hits you but does no damage.
You are caught in a web!
The orc moves out of view.
There is a web here.
The web tears apart.
The orc priest mumbles some strange prayers to Beogh against you.
Beogh smites you! The orc hits you but does no damage.
The orc hits you with a +0 club.
* * * LOW HITPOINT WARNING * * *
There is a stone staircase leading up, spattered with blood here.
The orc hits you but does no damage. The orc hits you with a +0 club.
* * * LOW HITPOINT WARNING * * *
You climb upwards.
Found 12 gold pieces.
Found an escape hatch in the floor.
There is a stone staircase leading down here.
Casting: Necrotise (safe; 2% risk of failure)
Confirm with . or Enter, or press ? or * to list all spells.
Aiming: Vampiric Draining (quite dangerous; 7% risk of failure)
Press: ? - help, Shift-Dir - straight line, f - orc
Aim: an orc, wielding a +0 short sword and wearing a +0 leather armour You draw life force from the orc.
You feel life coursing into your body. The orc hits you with a +0 short sword.
* * * LOW HITPOINT WARNING * * *
You emit a cloud of foul miasma!
The orc hits you with a +0 club.
You die...

###### ......
......######
...........#
......o....#.##
.......@o....>.
#####...$..#.##
###.#### #.#
#.# #.# #.# w..


You could see a dart slug (asleep) and 2 orcs.

Vanquished Creatures
  A bombardier beetle (D:4)
  2 gnolls
  An adder (D:2)
  2 endoplasms
  A giant cockroach (D:1)
  2 hobgoblins (D:1)
  5 kobolds
  3 ball pythons (D:1)
  3 bats (D:1)
  8 goblins
  4 rats
32 creatures vanquished.

Vanquished Creatures (collateral kills)
  A bat (D:1)
  A hobgoblin (D:1)
2 creatures vanquished.

Grand Total: 34 creatures vanquished

Notes
Turn   | Place    | Note
-------+----------+-------------------------------------------
     0 | D:1      | PaiMei the Demonspawn Necromancer began the quest for the
                  | Orb.
     0 | D:1      | Reached XP level 1. HP: 13/13 MP: 3/3
   208 | D:1      | Gained mutation: You sometimes gain a little power by
                  | taking damage. [demonic ancestry]
   208 | D:1      | Reached XP level 2. HP: 15/19 MP: 0/5
  1003 | D:2      | Gained mutation: You may rarely emit foul miasma when
                  | damaged in melee. [demonic ancestry]
  1003 | D:2      | Reached XP level 3. HP: 25/25 MP: 4/6
  1007 | D:2      | Learned a level 3 spell: Vampiric Draining
  1129 | D:2      | Reached skill level 1 in Fighting
  1165 | D:1      | HP: 1/26 [gnoll/+0 flail (12)]
  1324 | D:2      | You fall into a shaft and drop 2 floors!
  1360 | D:4      | Gained mutation: Your touch may inflict minor irresistible
                  | damage on your foes. [demonic ancestry]
  1360 | D:4      | Reached XP level 4. HP: 21/32 MP: 2/8
  1442 | D:3      | Slain by an orc

Illustrated notes

Levels and vault maps discovered:
D:1:      scummos_arrival_checkerplants, layout_rooms, minmay_pentomino_o4
D:2:      layout_basic, hellmonk_ecumenical_altar_leap_of_faith, minmay_between
D:3:      layout_basic
D:4:      layout_cave_pools

Skill      XL: |  1  2  3 |
---------------+----------+-----
Stealth        | 2 |  2.0
Dodging        | 2 |  2.5
Fighting       | 1 |  1.4
Spellcasting   | |  2.8
Necromancy     | |  4.9

Action                     |  1- 3 |  4- 6 || total
---------------------------+-------+-------++-------
  Melee: Spear             |     3 |       ||     3
         Whip              |     4 |       ||     4
   Cast: Necrotise         |    47 |     1 ||    48
         Vampiric Draining |     2 |     1 ||     3
 Armour: Robe              |    12 |     6 ||    18
  Dodge: Dodged            |    12 |       ||    12
